 Dungeon Crawl Stone Soup version 0.31.0-9-g3a7656b989 (webtiles) character file.

Game seed: 7279410084205198651

36 qw the Shooter (level 3, -1/20 HPs)
             Began as a Deep Elf Hunter on Feb 2, 2024.
             Slain by Terence
             ... wielding a +4 short sword of holy wrath
              (2 damage)
             ... on level 2 of the Dungeon.
             The game lasted 00:00:04 (1001 turns).

qw the Shooter (Deep Elf Hunter)                    Turns: 1001, Time: 00:00:04

Health: -1/20      AC:  7    Str: 10    XL:     3   Next: 19%
Magic:  5/5        EV:  9    Int: 13    God:
Gold:   126        SH:  0    Dex: 18    Spells: 2/2 levels left

rFire   . . .        a - +0 shortbow
rCold   . . .        (shield currently unavailable)
rNeg    . . .        d - +0 scale mail
rPois   .            (no helmet)
rElec   .            (no cloak)
rCorr   .            (no gloves)
SInv    .            f - +0 pair of boots
Will    .....        (no amulet)
Stlth   +            (no ring)
HPRegen 0.23/turn    (no ring)
MPRegen 0.09/turn

%: no passive effects
@: no status effects
A: no striking features
a: no special abilities


You were on level 2 of the Dungeon.
You visited 1 branch of the dungeon, and saw 2 of its levels.

You collected 126 gold pieces.


   Skills:
 - Level 1.5 Fighting
 + Level 6.8 Ranged Weapons
 - Level 2.4 Dodging
 - Level 1.2 Stealth


You had 2 spell levels left.
You didn't know any spells.
Your spell library was empty.

Inventory:

Hand Weapons
 a - a +0 shortbow (weapon)
Armour
 d - a +0 scale mail (worn)
 f - a +0 pair of boots (worn)
 h - a +0 cloak
Jewellery
 g - an amulet of reflection
Scrolls
 c - a scroll of silence {unknown}
 j - a scroll of blinking {unknown}
 k - 2 scrolls of fear {unknown}
 l - a scroll of identify {unknown}
Potions
 b - a potion of brilliance {unknown}
 e - a potion of might {unknown}
 i - a potion of attraction {unknown}

Dungeon Overview and Level Annotations

Branches:
Dungeon (2/15)

Altars:

Annotations:
D:2 Terence


Message History

Enter note:
Enter note:
Found a spear.
You see here a +0 spear.
Found a robe.
l - a scroll labelled UHAIQUGOUJI You see here a rat corpse.
You see here a rat corpse.
Found a pair of boots.
Terence the Incautious comes into view.
He is wielding a +4 short sword of holy wrath and wearing a +0 chain mail of cold resistance.
Terence shouts!
You shoot an arrow.
The arrow hits Terence but does no damage.
You shoot an arrow. The arrow hits Terence.
Terence is lightly wounded.
Terence hits you but does no damage.
Terence hits you with a +4 short sword of holy wrath.
You shoot an arrow. The arrow barely misses Terence.
Terence hits you with a +4 short sword of holy wrath.
You shoot an arrow. The arrow barely misses Terence.
Terence hits you with a +4 short sword of holy wrath.
You shoot an arrow. The arrow closely misses Terence.
Terence hits you but does no damage.
Terence hits you with a +4 short sword of holy wrath!
You shoot an arrow. The arrow hits Terence.
Terence is moderately wounded.
Terence barely misses you.
You shoot an arrow.
The arrow hits Terence but does no damage.
Terence is moderately wounded.
Terence barely misses you.
You shoot an arrow.
The arrow hits Terence but does no damage.
Terence is moderately wounded.
Terence hits you with a +4 short sword of holy wrath. x2
You shoot an arrow. The arrow hits Terence!
Terence is severely wounded.
Terence hits you with a +4 short sword of holy wrath.
You die...
Terence says, "That felt goooood."

#. ## .. .# ######### #. .#
#...>...# #.##.# #.......#
..#.# #.......# #.#.#
#.......# #[###.#@#
#.......# #.....@.#
#.......#
#####.#####.......# #.#
#.....#### ####.####.#####
#............#
#.##.##.#.##.######.#
########.##.##.#.##.......:#
#
#........##.......#..#######
## #.#####..#####.#.....#


You could see Terence.

Vanquished Creatures
  An adder (D:2)
  A dart slug (D:1)
  A ribbon worm (D:2)
  4 ball pythons
  3 endoplasms
  3 goblins (D:1)
  A hobgoblin (D:2)
  A quokka (D:1)
  3 bats (D:1)
  A frilled lizard (D:2)
  A kobold (D:1)
  4 rats (D:2)
24 creatures vanquished.

Notes
Turn   | Place    | Note
-------+----------+-------------------------------------------
     0 | D:1      | qw the Deep Elf Hunter began the quest for the Orb.
     0 | D:1      | Reached XP level 1. HP: 12/12 MP: 3/3
     0 | D:1      | 0 ||| qw: Version: 0.3-a-155-g5e7d8dd
     0 | D:1      | 0 ||| qw: Game counter: 139
     0 | D:1      | 0 ||| qw: Melee chars always use a shield: true
     0 | D:1      | 0 ||| qw: God list: Okawaru
     0 | D:1      | 0 ||| qw: Allow faded altars: false
     0 | D:1      | 0 ||| qw: Do Orc after clearing Dungeon:15 true
     0 | D:1      | 0 ||| qw: Do second Lair branch before Depths: true
     0 | D:1      | 0 ||| qw: Lair rune preference: random
     0 | D:1      | 0 ||| qw: Goals: Normal
     0 | D:1      | 0 ||| PLANNING D:1-11
    90 | D:1      | Found a faded altar of an unknown god.
   128 | D:1      | Reached skill level 6 in Ranged Weapons
   128 | D:1      | Reached XP level 2. HP: 16/16 MP: 4/4
   355 | D:1      | 355 ||| UPGRADING to +0 scale mail.
   365 | D:1      | 365 ||| DROPPING +0 leather armour.
   366 | D:1      | 366 ||| UPGRADING to +0 pair of boots.
   371 | D:1      | 371 ||| DROPPING scroll of butterflies.
   532 | D:2      | HP: 4/16 [poisoned by an adder]
   535 | D:2      | Reached XP level 3. HP: 4/20 MP: 5/5
   992 | D:2      | Noticed Terence
  1000 | D:2      | HP: 2/20 [Terence/+4 short sword of holy wrath (5)]
  1001 | D:2      | Slain by Terence

Levels and vault maps discovered:
D:1:      tekkud_arrival_beachfront_property, layout_rooms,
          shapermc_ecumenical_altar_acropolis
D:2:      layout_loops_cross, uniq_terence

Skill      XL: |  1 |
---------------+----+-----
Ranged Weapons | 6 |  6.8
Fighting       | |  1.5
Dodging        | |  2.4
Stealth        | |  1.2

Action                     || total
---------------------------++-------
   Fire: Shortbow          ||    83
 Armour: Leather armour    ||     2
         Scale mail        ||    35
  Dodge: Dodged            ||    23

Table legend:
 A = Non-vault XP
 B = Vault XP
 C = Vault XP percentage of total XP
 D = Non-vault monster count
 E = Vault monster count
 F = Vault count percentage of total count
                 A         B        C        D         E       F
            +---------+---------+-------+---------+---------+-------
      Total |      52 |       0 |   0.0 |      24 |       0 |   0.0
            +---------+---------+-------+---------+---------+-------
        D:1 |      22 |       0 |   0.0 |      12 |       0 |   0.0
        D:2 |      30 |       0 |   0.0 |      12 |       0 |   0.0
            +---------+---------+-------+---------+---------+-------
